 Dungeon Crawl Stone Soup version 0.25.0-1-g7eea58d2a3 (webtiles) character file.

Game seed: 14239102422404674712

110 Wravburn the Chopper (level 4, -2/40 HPs)
             Began as a Minotaur Fighter on June 13, 2020.
             Slain by a gnoll
             ... wielding a +0 spear
              (3 damage)
             ... on level 2 of the Dungeon.
             The game lasted 00:09:15 (1570 turns).

Wravburn the Chopper (Minotaur Fighter)             Turns: 1570, Time: 00:09:15

Health: -2/40      AC:  7    Str: 22    XL:     4   Next: 61%
Magic:  3/3        EV:  7    Int:  5    God:
Gold:   89         SH:  9    Dex:  9    Spells: 3/3 levels left

rFire    . . .     SeeInvis .   a - +0 war axe
rCold    . . .     Gourm    .   c - +0 kite shield
rNeg     . . .     Faith    .   b - +0 scale mail
rPois    .         Spirit   .   (helmet restricted)
rElec    .         Reflect  .   (no cloak)
rCorr    .         Harm     .   (no gloves)
MR       .....                  (no boots)
Stlth    ..........             (no amulet)
HPRegen  0.13/turn              (no ring)
MPRegen  0.08/turn              (no ring)

@: no status effects
A: retaliatory headbutt, horns 2
a: no special abilities


You were on level 2 of the Dungeon.
You were not hungry.

You visited 1 branch of the dungeon, and saw 2 of its levels.

You collected 89 gold pieces.

Inventory:

Hand Weapons
 a - a +0 war axe (weapon)
 m - a +0 hunting sling
 o - a +0 hand axe
Missiles
 j - 25 bolts
 l - 4 boomerangs of dispersal (quivered)
 n - 54 stones
Armour
 b - a +0 scale mail (worn)
 c - a +0 kite shield (worn)
 h - a +0 plate armour
Scrolls
 e - 2 scrolls of teleportation {unknown}
 k - 2 scrolls of identify {unknown}
 p - a scroll of remove curse {unknown}
 q - a scroll of immolation {unknown}
 r - a scroll of fog {unknown}
Potions
 d - 2 potions of might
 i - 2 potions of degeneration {unknown}
 s - 2 potions of lignification {unknown}
Comestibles
 f - a ration
 g - 2 chunks of flesh


   Skills:
 + Level 4.0 Fighting
 + Level 4.5 Axes
 + Level 4.1 Armour
 + Level 0.2 Dodging
 + Level 0.1 Stealth
 + Level 4.4 Shields


You had 3 spell levels left.
You didn't know any spells.
Your spell library was empty.

Dungeon Overview and Level Annotations

Branches:
Dungeon (2/15)

Altars:


Innate Abilities, Weirdness & Mutations

You reflexively headbutt those who attack you in melee.
You have a pair of horns on your head.


Message History

* * * LOW HITPOINT WARNING * * *
You block the gnoll's attack.
You closely miss the gnoll.
You headbutt the gnoll, but do no damage.
The gnoll is lightly wounded.
You block the gnoll's attack. x2
The gnoll hits you from afar with a +0 spear.
* * * LOW HITPOINT WARNING * * *
You slash the gnoll!
You kill the gnoll!
The gnoll hits you from afar with a +0 spear.
* * * LOW HITPOINT WARNING * * *
The gnoll closely misses you.
You see here a +0 spear.
The gnoll hits you with a +0 spear.
* * * LOW HITPOINT WARNING * * *
You barely miss the gnoll. The gnoll hits you with a +0 spear.
* * * LOW HITPOINT WARNING * * *
The gnoll hits you with a +0 spear.
You die...

#.#. #.........#.#..# #.#.#
#. #..#...........# #.# # #.
#..#...##.#.##.# #.#
###.####..######.#.##.## .
.....##..#### #...#...##.
#..
#...........######.....#.
...
#.##.)#.###.##..............
...
......#.###)##.######...)...
... #..(......g@##.#
##...#.. ...
..###.#.######.# ##.##.. ..#
.. #)# #.# #..#.. #.#
#........# #.# ##.#.< #.#
#######.># #.#########.#..
#.###### #..#
#.............. ....... ...#
########....... .....# ##.#
#.####.# .....# #.# #.# #.#


You could see a gnoll.

Vanquished Creatures
  4 gnolls
  An adder (D:2)
  2 oozes
  3 leopard geckos
  6 bats
  2 giant cockroaches
  5 hobgoblins
  9 jackals (D:2)
  2 kobolds (D:1)
  2 ball pythons (D:1)
  2 frilled lizards
  6 goblins
  7 rats
51 creatures vanquished.

Notes
Turn   | Place    | Note
-------+----------+-------------------------------------------
     0 | D:1      | Wravburn the Minotaur Fighter began the quest for the Orb.
     0 | D:1      | Reached XP level 1. HP: 19/19 MP: 0/0
   240 | D:1      | Reached XP level 2. HP: 27/27 MP: 1/1
   529 | D:1      | Reached XP level 3. HP: 32/33 MP: 2/2
  1317 | D:2      | Reached XP level 4. HP: 33/40 MP: 3/3
  1570 | D:2      | HP: 1/40 [gnoll/+0 spear (4)]
  1570 | D:2      | Slain by a gnoll

Illustrated notes

Levels and vault maps discovered:
D:1:      saegor_arrival_under_anarchy, layout_basic
D:2:      layout_loops_ring, chequers_mini_garden

Skill      XL: |  1  2  3 |
---------------+----------+-----
Axes           | 3 4 |  4.5
Armour         | 4 |  4.1
Shields        | 4 |  4.4
Fighting       | 4 |  4.0
Dodging        | |  0.2
Stealth        | |  0.1

Action                   |  1- 3 |  4- 6 || total
-------------------------+-------+-------++-------
Melee: War axe           |    93 |    28 ||   121
       Headbutt          |    10 |     3 ||    13
  Eat: Chunk             |     1 |     1 ||     2
Armor: Scale mail        |    43 |    16 ||    59
Dodge: Dodged            |    26 |    10 ||    36
Block: Kite shield       |    58 |    26 ||    84
